 Dungeon Crawl Stone Soup version 0.29-a0-333-gb4c28e87c6 (webtiles) character file.

Game seed: 16773212986260928601

42 Jortsu the Skirmisher (level 3, -4/29 HPs)
             Began as a Demonspawn Fighter on Apr 13, 2022.
             Slain by a hobgoblin
             ... wielding the +8 quarterstaff "Acaenieq" {elec, rCorr Str+8 Dex-5}
              (11 damage)
             ... on level 2 of the Dungeon.
             The game lasted 00:01:24 (1184 turns).

Jortsu the Skirmisher (Demonspawn Fighter)          Turns: 1184, Time: 00:01:24

Health: -4/29      AC:  6    Str: 18    XL:     3   Next: 35%
Magic:  3/3        EV:  6    Int:  9    God:
Gold:   48         SH:  4    Dex: 12    Spells: 2/2 levels left

rFire   . . .      SeeInvis .   a - +0 war axe (flame)
rCold   . . .      Faith    .   c - +0 buckler
rNeg    . . .      Spirit   .   b - +0 scale mail
rPois   .          Reflect  .   (helmet restricted)
rElec   .          Harm     .   (no cloak)
rCorr   .          Rampage  .   (no gloves)
Will    .....                   (no boots)
Stlth   ..........              (no amulet)
HPRegen 0.09/turn               (no ring)
MPRegen 0.08/turn               (no ring)

@: constricted
A: antennae 1, weakness stinger 1
a: no special abilities


You were on level 2 of the Dungeon.
You visited 1 branch of the dungeon, and saw 2 of its levels.

You collected 48 gold pieces.

Inventory:

Hand Weapons
 a - a +0 war axe of flaming (weapon)
Armour
 b - a +0 scale mail (worn)
 c - a +0 buckler (worn)
Potions
 d - a potion of might
 e - a potion of haste
 i - a potion of flight {unknown}


   Skills:
 + Level 3.6 Fighting
 + Level 2.1 Axes
 + Level 3.0 Armour
 + Level 0.1 Dodging
 + Level 3.0 Shields


You had 2 spell levels left.
You didn't know any spells.
Your spell library contained the following spells:

 Spells                   Type           Power      Damage    Failure   Level
 Corpse Rot               Necr/Air       0%         N/A       94%         2
 Poisonous Vapours        Pois/Air       0%         N/A       94%         2


Dungeon Overview and Level Annotations

Branches:
Dungeon (2/15)

Altars:

Shops:
D:1 =


Innate Abilities, Weirdness & Mutations

You have a pair of small antennae on your head.
You have a small tail.


Message History

You now have 48 gold pieces (gained 12).
You block the bat's attack.
A hobgoblin comes into view.
It is wielding the +8 quarterstaff "Acaenieq" {elec, rCorr Str+8 Dex-5}.
The hobgoblin hits you but does no damage.
The hobgoblin shouts!
You slash the hobgoblin! You burn the hobgoblin.
You kill the hobgoblin!
You block the bat's attack. The bat hits you but does no damage.
The bat attacks as you move away! You block the bat's attack.
A dart slug comes into view.
The bat hits you but does no damage. The bat barely misses you.
The bat misses you. You block the ball python's attack.
The ball python barely misses you.
You closely miss the ball python.
Your tail-slap misses the ball python.
You hit the dart slug. You burn the dart slug. You barely miss the hobgoblin.
You block the bat's attack. The ball python barely misses you.
The ball python grabs you. The ball python constricts you.
The hobgoblin hits you with the +8 quarterstaff "Acaenieq" {elec, rCorr Str+8 Dex-5}!
The dart slug launches a dart at you.
The slug dart hits you but does no damage.
The ball python bites you but does no damage.
The ball python constricts you.
The hobgoblin hits you with the +8 quarterstaff "Acaenieq" {elec, rCorr Str+8 Dex-5}!
* * * LOW HITPOINT WARNING * * *
You closely miss the ball python.
You tail-slap the ball python, but do no damage.
You closely miss the hobgoblin. You hit the dart slug. You burn the dart slug.
You kill the dart slug!
You closely miss the bat. The bat hits you but does no damage.
The ball python bites you but does no damage.
The ball python constricts you. You block the hobgoblin's attack.
Your Armour skill increases to level 3!
You barely miss the hobgoblin.
You tail-slap the hobgoblin, but do no damage.
You hit the ball python. You burn the ball python. The bat barely misses you.
You block the bat's attack. The ball python barely misses you.
The ball python constricts you.
* * * LOW HITPOINT WARNING * * *
The hobgoblin hits you with the +8 quarterstaff "Acaenieq" {elec, rCorr Str+8 Dex-5}!
You die...

........#.#. ..
.......#...
...#.........#
...#.......#$##
...<.w......###.
#..............
#.gS........#
#.@b.......#
##.........#
#.........#
#.........#
###..(......#
........<....#
####.........#
#.........#
#.........#


You could see a dart slug, a hobgoblin, a bat and a ball python.

Vanquished Creatures
  2 worms (D:2)
  3 dart slugs
  A ball python (D:1)
  2 bats (D:1)
  An endoplasm (D:1)
  3 giant cockroaches (D:1)
  A goblin (D:1)
  5 hobgoblins
  3 jackals (D:1)
  A quokka (D:1)
  3 kobolds (D:1)
  2 rats (D:1)
27 creatures vanquished.

Notes
Turn   | Place    | Note
-------+----------+-------------------------------------------
     0 | D:1      | Jortsu the Demonspawn Fighter began the quest for the Orb.
     0 | D:1      | Reached XP level 1. HP: 18/18 MP: 1/1
   200 | D:1      | Discovered your monstrous ancestry.
   200 | D:1      | Gained mutation: You have a pair of small antennae on your
                  | head. [demonic ancestry]
   200 | D:1      | Reached XP level 2. HP: 24/24 MP: 2/2
   772 | D:1      | Found Omyteo's Jewellery Boutique.
   792 | D:1      | Gained mutation: You have a small tail. [demonic ancestry]
   792 | D:1      | Reached XP level 3. HP: 22/29 MP: 3/3
  1178 | D:2      | Identified the +8 quarterstaff "Acaenieq" {elec, rCorr
                  | Str+8 Dex-5}
  1184 | D:2      | Slain by a hobgoblin

Illustrated notes

Levels and vault maps discovered:
D:1:      evilmike_arrival_crescent, layout_rooms, serial_shops,
          nicolae_square_shop
D:2:      layout_rooms, basic_altar

Skill      XL: |  1  2  3 |
---------------+----------+-----
Axes           | 2 |  2.1
Shields        | 3 |  3.0
Armour         | 3 |  3.0
Fighting       | |  3.6
Dodging        | |  0.1

Action                   || total
-------------------------++-------
Melee: War axe           ||    71
       Tailslap          ||     2
  Use: Scroll            ||     4
Armor: Scale mail        ||    53
Dodge: Dodged            ||    49
Block: Buckler           ||    25

Table legend: (Time is in decaauts)
 A = Elapsed time spent in this place.
 B = Non-inter-level travel time spent in this place.
 C = Inter-level travel time spent in this place.
 D = Time resting spent in this place.
 E = Time spent auto-exploring this place.
 F = Levels seen in this place.
 G = Mean time per level.
                   A        B        C        D        E       F      G
               +--------+--------+--------+--------+--------+-----+--------+
         Total |   1216 |   1191 |     25 |    138 |    842 |   2 |  608.0 |
       Dungeon |   1216 |   1191 |     25 |    138 |    842 |   2 |  608.0 |
               +--------+--------+--------+--------+--------+-----+--------+

Top non-repeatable levels by time:
     D:1: 1190 daAuts
     D:2: 26 daAuts
